 Seeded DCSS version 0.30.1-11-g7821555f0a (webtiles) character file.

Game seed: 6245884229887761738 (custom seed)

21 Psyclone the Conjurer (level 2, 15/15 HPs)
             Began as a Deep Elf Conjurer on Nov 9, 2023.
             Was an Initiate of Gozag.
             Quit the game on level 3 of the Dungeon.
             The game lasted 00:00:14 (438 turns).

Psyclone the Conjurer (Deep Elf Conjurer)            Turns: 438, Time: 00:00:15

Health: 15/15      AC:  5    Str:  4    XL:     2   Next: 65%
Magic:  7/8        EV: 12    Int: 25    God:    Gozag
Gold:   71         SH:  0    Dex: 13    Spells: 2/7 levels left

rFire   . . .        (no weapon)
rCold   . . .        (no shield)
rNeg    . . .        a - +0 robe
rPois   .            e - +2 helmet {Int+3}
rElec   .            (no cloak)
rCorr   .            (no gloves)
SInv    .            (no boots)
Will    .....        c - amulet of magic regeneration
Stlth   +            (no ring)
HPRegen 0.22/turn    (no ring)
MPRegen 0.11/turn

%: no passive effects
@: very slow
A: no striking features
a: Renounce Religion, Potion Petition, Call Merchant, Bribe Branch


You were on level 3 of the Dungeon.
You worshipped Gozag.
Gozag was noncommittal.
You visited 1 branch of the dungeon, and saw 3 of its levels.

You collected 71 gold pieces.

Inventory:

Armour
 a - a +0 robe (worn)
 e - a +2 helmet of intelligence (worn)
Jewellery
 c - an amulet of magic regeneration (around neck)
Scrolls
 f - a scroll of teleportation
 g - a scroll of blinking {unknown}
 i - 3 scrolls of identify {unknown}
Potions
 b - a potion of magic


   Skills:
 - Level 2.4 Dodging
 - Level 2.4 Stealth
 - Level 3.0 Spellcasting
 + Level 5.3 Conjurations


You had 2 spell levels left.
You knew the following spells:

 Your Spells              Type           Power      Damage    Failure   Level
a - Magic Dart            Conj           100%       1d8       1%          1
b - Searing Ray           Conj           60%        2d6       1%          2
c - Passwall              Tmut/Erth      2%         N/A       16%         2

Your spell library contained the following spells:

 Spells                   Type           Power      Damage    Failure   Level
 Sandblast                Erth           6%         2d5       10%         1
 Dazzling Flash           Conj/Hex       34%        N/A       11%         3
 Stone Arrow              Conj/Erth      34%        3d9       11%         3
 Fulminant Prism          Conj/Hex       8%         3d6       34%         4
 Iskenderun's Mystic Bla  Conj/Tloc      17%        2d5       34%         4


Dungeon Overview and Level Annotations

Branches:
Dungeon (3/15) Zot: 17550

Altars:
Gozag

Portals:
Sewer: D:3


Message History

You kill the ball python!
You now have 3/8 mp.
Casting: Magic Dart (safe; 1% risk of failure)
Confirm with . or Enter, or press ? or * to list all spells.
You can't see any susceptible monsters within range! (Use Z to cast anyway.) Unknown command.
You enter the shallow water.
Moving in this stuff is going to be slow.
You now have 71 gold pieces (gained 6).
You enter the shallow water.
Moving in this stuff is going to be slow.
Casting: Magic Dart (safe; 1% risk of failure)
Confirm with . or Enter, or press ? or * to list all spells.
You can't see any susceptible monsters within range! (Use Z to cast anyway.) Unknown command.
There are no items here.
You enter the shallow water.
Moving in this stuff is going to be slow.
Casting: Magic Dart (safe; 1% risk of failure)
Confirm with . or Enter, or press ? or * to list all spells.
You can't see any susceptible monsters within range! (Use Z to cast anyway.) Unknown command.
You enter the shallow water.
Moving in this stuff is going to be slow.
Why would you want to do that? Why would you want to do that?
Why would you want to do that? Why would you want to do that?
Adjust (i)tems, (s)pells, or (a)bilities?
d - 3 scrolls labelled FUNIAGR PAJALU Adjust to which letter? (? for menu, Esc to quit)
i - 3 scrolls labelled FUNIAGR PAJALU You start putting on your amulet.
You continue putting on your amulet of magic regeneration. x5
You finish putting on your amulet of magic regeneration.
The amulet cannot attune itself to your exhausted body.
c - an amulet of magic regeneration (around neck) Unknown command.
Unknown command.
Are you sure you want to abandon this character and quit the game? (Confirm with "yes".)

######.##############
......................
##############~.#####
..###.~~#
...##..~######.##
#≈~≈#≈.#........#
#≈$≈#≈.#######.##
#≈∩≈#≈~# #≈$≈#≈@#
#≈~≈#≈~# #≈~≈#≈.#
##~..~~# ##..~## #####


There were no monsters in sight!

Vanquished Creatures
  3 bats
  4 endoplasms
  6 quokkas
  4 ball pythons
  A kobold (D:1)
  2 rats (D:1)
20 creatures vanquished.

Notes
Turn   | Place    | Note
-------+----------+-------------------------------------------
     0 | D:1      | Psyclone the Deep Elf Conjurer began the quest for the Orb.
     0 | D:1      | Reached XP level 1. HP: 10/10 MP: 6/6
    76 | D:1      | Found a faded altar of an unknown god.
    98 | D:1      | Prayed at the altar of an unknown god.
    98 | D:1      | Became a worshipper of Gozag Ym Sagoz the Greedy
   103 | D:1      | Reached XP level 2. HP: 15/15 MP: 6/8
   153 | D:2      | Learned a level 2 spell: Searing Ray
   183 | D:2      | Learned a level 2 spell: Passwall
   210 | D:2      | Reached skill level 5 in Conjurations
   377 | D:3      | Found a glowing drain.
   438 | D:3      | Quit the game

Illustrated notes

Levels and vault maps discovered:
D:1:      dpeg_arrival_arbitrary_a, layout_rooms,
          shapermc_ecumenical_altar_mp_highgroup, hangedman_abyss_or_decor_stabs
D:2:      layout_loops_cross, uniq_natasha
D:3:      layout_basic, nicolae_hepliaklqana_hazy_memory,
          nicolae_elyvilon_temple_path, mainiacjoe_overflow_small_starburst,
          gup_sewer_entry_pipe, dreamdust_princess_bridge, st_stairs_12,
          uniq_terence

Skill      XL: |  1  2 |
---------------+-------+-----
Conjurations   | 5 |  5.3
Dodging        | |  2.4
Stealth        | |  2.4
Spellcasting   | |  3.0

Action                     || total
---------------------------++-------
  Melee: Unarmed           ||     4
   Cast: Magic Dart        ||    23
         Passwall          ||     5
         Searing Ray       ||     1
    Use: Scroll            ||     1
  Dodge: Dodged            ||     4
